 Dungeon Crawl Stone Soup version 0.22.0 (webtiles) character file.

1640 Blackhawk the Archer (level 8, 0/70 HPs)
             Began as a Centaur Hunter on Oct 30, 2018.
             Was a Follower of Okawaru.
             Slain by a centaur (5 damage)
             ... on level 6 of the Dungeon.
             The game lasted 00:14:06 (7356 turns).

Blackhawk the Archer (Centaur Hunter)               Turns: 7356, Time: 00:14:06

Health: 0/70       AC:  6    Str: 15    XL:     8   Next: 66%
Magic:  8/8        EV: 11    Int: 10    God:    Okawaru [*.....]
Gold:   247        SH:  0    Dex: 12    Spells: 7/7 levels left

rFire    . . .     SeeInvis .   b - +0 glaive
rCold    . . .     Gourm    .   (shield currently unavailable)
rNeg     . . .     Faith    .   o - +0 leather armour {MR+}
rPois    .         Spirit   .   (no helmet)
rElec    .         Reflect  .   p - +1 cloak
rCorr    .         Harm     .   (no gloves)
MR       +....                  (no barding)
Stlth    ++........             (no amulet)
HPRegen  0.21/turn              (no ring)
MPRegen  0.11/turn              (no ring)

@: very quick
A: large, hooves 3, deformed body, speed 2, tough skin 3
a: Heroism, Renounce Religion


You were on level 6 of the Dungeon.
You worshipped Okawaru.
Okawaru was aware of your devotion.
You were not hungry.

You visited 2 branches of the dungeon, and saw 7 of its levels.

You collected 247 gold pieces.

Inventory:

Hand Weapons
 a - a +1 shortbow
 b - a +0 glaive (weapon)
 u - a +0 short sword
Missiles
 d - 26 arrows
Armour
 o - a +0 leather armour of magic resistance (worn)
 p - a +1 cloak (worn)
Wands
 w - a wand of iceblast (10)
 x - a wand of polymorph (15)
Scrolls
 e - 12 scrolls of identify {unknown}
 h - a scroll of immolation {unknown}
 j - 3 scrolls of teleportation
 q - a scroll of enchant armour {unknown}
 r - 4 scrolls of remove curse
 t - a scroll of amnesia {unknown}
Potions
 g - a potion of heal wounds
 i - a potion of brilliance {unknown}
 k - a potion of magic {unknown}
 l - a potion of ambrosia
 m - a potion of cancellation {unknown}
 n - 2 potions of curing {unknown}
 s - a potion of lignification {unknown}
 v - a potion of flight {unknown}
Comestibles
 c - 2 chunks of flesh
 f - 6 rations


   Skills:
 + Level 5.8 Fighting
 + Level 2.7 Polearms
 + Level 9.0 Bows
 + Level 4.3 Dodging
 - Level 2.9 Stealth


You had 7 spell levels left.
You didn't know any spells.
Your spell library contained the following spells:

 Spells                   Type           Power        Failure   Level  Hunger
 Spider Form              Tmut/Pois      #.........   80%         3    ####...
 Blade Hands              Tmut           #.........   100%        5    ######.
 Ice Form                 Ice/Tmut       #.......     99%         4    #####..
 Sticks to Snakes         Tmut           #.......     56%         2    ###....
 Beastly Appendage        Tmut           #.....       43%         1    ##.....


Dungeon Overview and Level Annotations

Branches:
Dungeon (6/15)             Temple (1/1) D:5

Altars:
Ashenzari
Cheibriados
Elyvilon
Fedhas
Gozag
Hepliaklqana
Kikubaaqudgha
Makhleb
Nemelex Xobeh
Okawaru
Qazlal
Sif Muna
Trog
Uskayaw
Vehumet
Wu Jian
Zin
The Shining One

Shops:
D:6 =


Innate Abilities, Weirdness & Mutations

You have hooves in place of feet.
Armour fits poorly on your strangely shaped body.
You cover ground very quickly.
You have extremely tough skin. (AC +3)


Message History

Attack whom?
Press: ? - help, Dir - move target cursor, f/p - centaur
Aim: a centaur, wielding a shortbow You reach to attack!
You slash the centaur!
The centaur is heavily wounded.
The centaur shoots an arrow.
The arrow hits you!
The centaur shoots an arrow.
The arrow hits you!
Attack whom?
Press: ? - help, Dir - move target cursor, f/p - centaur
Aim: a centaur, wielding a shortbow (heavily wounded)
You reach to attack!
You hit the centaur.
The centaur is severely wounded.
The centaur shoots an arrow.
The arrow hits you!
* * * LOW HITPOINT WARNING * * *
The centaur shoots an arrow.
The arrow hits you!
* * * LOW HITPOINT WARNING * * *
You are too injured to fight recklessly!
The centaur unwields an uncursed shortbow.
The centaur hits you.
You die...

#..# #.#.#'# #..#
#.#<..# #..# ###
#.#...# #..# #..
..#.#.# ##.# #.#
#.#...##
#.####.###.###..#
##................
####...###.#.#######'
#(.c@((((((..# #.
#.##...###.#.# #####.
##.## #.#.# #...'.
#.# #...# #.###. #.#
#>..# #.# #.
#.####...###'###.
#........+.......
#........###'###.
##.##.##.# #.# #.


You could see a centaur.

Vanquished Creatures
  Pikel (D:5)
  Duvessa (D:4)
  A slave (D:5)
  An ice beast (D:5)
  A sky beast (D:5)
  2 ogres
  A centaur (D:6)
  A bullfrog (D:3)
  Dowan (D:4)
  A howler monkey (D:3)
  A bullfrog zombie (D:6)
  3 hounds
  An orc wizard (D:5)
  A centaur skeleton (D:4)
  Ijyb (D:5)
  3 worker ants
  4 gnolls (D:5)
  9 adders
  An ooze (D:1)
  An adder skeleton (D:4)
  4 worms
  3 dart slugs
  4 leopard geckos
  3 orcs
  A ball python (D:4)
  4 giant cockroaches
  7 goblins
  8 hobgoblins
  7 jackals
  5 quokkas
  5 bats
  6 frilled lizards
  7 kobolds
  8 rats
108 creatures vanquished.

Vanquished Creatures (others)
  A slave (D:6)
  A phantom (D:6)
2 creatures vanquished.

Grand Total: 110 creatures vanquished

Notes
Turn   | Place    | Note
-------+----------+-------------------------------------------
     0 | D:1      | Blackhawk the Centaur Hunter began the quest for the Orb.
     0 | D:1      | Reached XP level 1. HP: 17/17 MP: 1/1
   162 | D:1      | Reached XP level 2. HP: 19/24 MP: 2/2
   424 | D:1      | Reached skill level 1 in Stealth
  1030 | D:1      | Reached XP level 3. HP: 23/30 MP: 3/3
  1764 | D:2      | Reached XP level 4. HP: 31/37 MP: 4/4
  2032 | D:3      | Reached skill level 6 in Bows
  2956 | D:3      | Noticed a bullfrog
  2974 | D:3      | Killed a bullfrog
  2974 | D:3      | Reached XP level 5. HP: 31/45 MP: 5/5
  3217 | D:4      | Noticed an ogre
  3223 | D:4      | Killed an ogre
  3223 | D:4      | Reached XP level 6. HP: 52/52 MP: 6/6
  3267 | D:4      | Noticed Duvessa
  3267 | D:4      | Noticed Dowan
  3294 | D:4      | Killed Dowan
  3586 | D:4      | Killed Duvessa
  3586 | D:4      | Reached skill level 7 in Bows
  3900 | D:4      | Reached XP level 7. HP: 49/59 MP: 7/7
  4732 | D:5      | Entered Level 5 of the Dungeon
  4951 | D:5      | Found a hazy altar of Hepliaklqana.
  5222 | D:5      | Noticed Ijyb
  5238 | D:5      | Killed Ijyb
  5475 | D:5      | Found a staircase to the Ecumenical Temple.
  5497 | Temple   | Entered the Ecumenical Temple
  5831 | Temple   | Became a worshipper of Warmaster Okawaru
  6064 | D:5      | Found a glowing golden altar of the Shining One.
  6075 | D:5      | Reached skill level 8 in Bows
  6367 | D:5      | Reached skill level 1 in Polearms
  6367 | D:5      | Reached XP level 8. HP: 55/67 MP: 8/8
  6371 | D:5      | Reached skill level 5 in Fighting
  6530 | D:6      | Noticed Pikel
  6778 | D:5      | Killed Pikel
  6778 | D:5      | Reached * piety under Okawaru
  7075 | D:6      | Found Zosovit's Jewellery Emporium.
  7100 | D:6      | Reached skill level 9 in Bows
  7356 | D:6      | Slain by a centaur

Skill      XL: |  1  2  3  4  5  6  7  8 |
---------------+-------------------------+-----
Stealth        | 1 2 |  2.9
Dodging        | 2 3 4 |  4.3
Bows           | 6 7 8 9 |  9.0
Fighting       | 3 4 5 |  5.8
Polearms       | 1 2 |  2.7

Action                   |  1- 3 |  4- 6 |  7- 9 || total
-------------------------+-------+-------+-------++-------
Melee: Short sword       |    89 |    57 |    16 ||   162
       Kick              |    17 |    19 |    29 ||    65
       Glaive            |       |       |   128 ||   128
 Fire: Shortbow          |    28 |   102 |    39 ||   169
  Use: Scroll            |       |     2 |       ||     2
       Potion            |       |       |     2 ||     2
 Stab: Sleeping          |       |     1 |     2 ||     3
  Eat: Chunk             |     2 |     5 |     6 ||    13
       Ration            |       |       |     1 ||     1
Armor: Leather armour    |    38 |    30 |    66 ||   134
Dodge: Dodged            |    31 |    36 |    75 ||   142
